 Dungeon Crawl Stone Soup version 0.27.1-35-g4d5d836560 (webtiles) character file.

Game seed: 14602008063653705337

41 croobank the Skirmisher (level 3, 0/30 HPs)
             Began as a Demonspawn Abyssal Knight on June 17, 2022.
             Was a Believer of Lugonu.
             Slain by an adder (3 damage)
             ... on level 2 of the Dungeon.
             The game lasted 00:05:12 (1918 turns).

croobank the Skirmisher (Demonspawn Abyssal Knight) Turns: 1918, Time: 00:05:13

Health: 0/30       AC:  3    Str: 18    XL:     3   Next: 32%
Magic:  4/4        EV: 11    Int: 14    God:    Lugonu [**....]
Gold:   81         SH:  0    Dex: 12    Spells: 1/2 levels left

rFire    . . .     SeeInvis .   e - +2 dagger (venom)
rCold    . . .     Faith    .   (no shield)
rNeg     . . .     Spirit   .   b - +0 leather armour
rPois    .         Reflect  .   (helmet restricted)
rElec    .         Harm     .   (no cloak)
rCorr    .         Rampage  .   (no gloves)
Will     .....                  (no boots)
Stlth    +.........             (no amulet)
HPRegen  0.10/turn              i - +6 ring of strength
MPRegen  0.09/turn              (no ring)

@: no status effects
A: horns 1, ignite blood 1
a: Renounce Religion, Depart the Abyss, Bend Space


You were on level 2 of the Dungeon.
You worshipped Lugonu.
Lugonu was pleased with you.
You visited 1 branch of the dungeon, and saw 2 of its levels.
You visited the Abyss 1 time.

You collected 103 gold pieces.
You spent 22 gold pieces at shops.

Inventory:

Hand Weapons
 a - a +1 hand axe
 e - a +2 dagger of venom (weapon)
 g - a +0 spear
Armour
 b - a +0 leather armour (worn)
 d - a +0 tower shield
Jewellery
 i - a +6 ring of strength (left hand)
Scrolls
 c - 2 scrolls of identify
 f - a scroll of teleportation
 h - a scroll of amnesia {unknown}


   Skills:
 + Level 3.7 Fighting
 + Level 0.3 Short Blades
 + Level 2.1 Axes
 + Level 2.0 Armour
 + Level 1.2 Dodging
 + Level 0.4 Stealth
 + Level 2.4 Invocations


You had one spell level left.
You knew the following spells:

 Your Spells              Type           Power      Damage    Failure   Level
a - Foxfire               Conj/Fire      0%         2x1d4     34%         1

Your spell library contained the following spells:

 Spells                   Type           Power      Damage    Failure   Level
 Static Discharge         Conj/Air       0%         N/A       45%         2
 Conjure Flame            Conj/Fire      0%         6-21      71%         3
 Ignite Poison            Fire/Tmut/Pois 0%         N/A       71%         3
 Inner Flame              Hex/Fire       0%         N/A       71%         3
 Mephitic Cloud           Conj/Pois/Air  0%         N/A       71%         3
 Dispel Undead            Necr           0%         3d6       98%         4
 Sticky Flame             Conj/Fire      0%         2d3       98%         4
 Bolt of Magma            Conj/Fire/Erth 0%         4d4       100%        5


Dungeon Overview and Level Annotations

Branches:
Dungeon (2/15)

Altars:

Shops:
D:2 *

Annotations:
D:2 Sigmund


Innate Abilities, Weirdness & Mutations

You have a pair of small horns on your head.
Your demonic aura sometimes causes spilled blood to erupt in flames.


Message History

You see here a +0 hand axe.
Found 17 gold pieces.
You now have 64 gold pieces (gained 17).
There is an open door here.
You open the door.
There is an open door here.
Found 17 gold pieces.
You now have 81 gold pieces (gained 17).
An adder comes into view.
The adder hisses angrily.
You hear a shout!
Sigmund the Dreaded comes into view.
He is wielding a +0 scythe.
You barely miss the adder. The adder bites you.
You are poisoned.
The adder poisons you!
Sigmund giggles. "Time to reap what you sow."
You barely miss the adder.
You feel sick. The adder bites you. The adder misses you.
You hit the adder but do no damage.
The adder is poisoned.
You feel sick. The adder barely misses you.
You closely miss the adder. The adder barely misses you. Sigmund misses you.
You closely miss the adder.
The adder is lightly wounded.
You feel sick. The adder bites you.
You are more poisoned.
The adder poisons you!
You aren't carrying any potions.
As you read the scroll of identify, it crumbles to dust.
f - a scroll of teleportation You feel sick.
The adder bites you.
Sigmund hits you from afar with a +0 scythe.
The adder bites you.
* * * LOW HITPOINT WARNING * * *
You aren't carrying any potions.
You feel sick.
You feel sick.
You feel sick.
You feel sick.
You are no longer poisoned.
The adder bites you.
You die...

..#.##.# ##. §.# .
. #.. .§# # #.# #+#
§.# #.# #.# ..#
#####.##### #.# ..#
#....@....# ##.##
### #.###.###.#
##...## #S###.#
##.....### #.@...#
#.........
#.##..####.##.#####
#. +.##.......##.#
<.
..#######.#######.#
## ..........# #.#
########### #.#
######### #.#
#.......#########.#
#.#####.........#.#


You could see Sigmund and an adder (poisoned).

Vanquished Creatures
  4 bats
  5 endoplasms
  A giant cockroach (D:1)
  4 goblins
  6 hobgoblins
  3 jackals (D:1)
  2 kobolds (D:2)
  2 quokkas
  A ball python (D:1)
  2 frilled lizards (D:1)
  3 rats (D:1)
33 creatures vanquished.

Vanquished Creatures (others)
  A foxfire (D:1)
1 creature vanquished.

Grand Total: 34 creatures vanquished

Notes
Turn   | Place    | Note
-------+----------+-------------------------------------------
     0 | Abyss:1  | croobank the Demonspawn Abyssal Knight began the quest for
                  | the Orb.
     0 | Abyss:1  | Reached XP level 1. HP: 18/18 MP: 2/2
    64 | D:1      | Escaped the Abyss
   260 | D:1      | Reached skill level 1 in Dodging
   265 | D:1      | Gained mutation: You have a pair of small horns on your
                  | head. [demonic ancestry]
   265 | D:1      | Reached XP level 2. HP: 23/24 MP: 3/3
   827 | D:1      | Reached ** piety under Lugonu
   927 | D:1      | Learned a level 1 spell: Foxfire
  1399 | D:2      | Gained mutation: Your demonic aura sometimes causes spilled
                  | blood to erupt in flames. [demonic ancestry]
  1399 | D:2      | Reached XP level 3. HP: 28/29 MP: 4/4
  1439 | D:2      | Found a faded altar of an unknown god.
  1520 | D:2      | Found Fiepteiq's General Store.
  1531 | D:2      | Bought a scroll of identify for 22 gold pieces
  1907 | D:2      | Noticed Sigmund
  1918 | D:2      | Slain by an adder

Illustrated notes

Levels and vault maps discovered:
D:1:      wander_arrival_desolate, layout_basic
D:2:      layout_loops_corners, ebering_ecumenical_altar_sacrificial,
          serial_shops, nicolae_shop_window_shopping, nicolae_lakefront_shop,
          nicolae_shop_crystal, nicolae_diamond_shop, shop, solitary_fountain,
          uniq_sigmund

Skill      XL: |  1  2 |
---------------+-------+-----
Axes           | 2 |  2.1
Dodging        | 1 |  1.2
Armour         | 2 |  2.0
Fighting       | |  3.7
Short Blades   | |  0.3
Stealth        | |  0.4
Invocations    | |  2.4

Action                   || total
-------------------------++-------
Melee: Hand axe          ||    32
       Dagger            ||    54
       Headbutt          ||     6
 Cast: Foxfire           ||     1
  Use: Scroll            ||     1
 Stab: Sleeping          ||     1
Armor: Leather armour    ||    31
Dodge: Dodged            ||    42
